 Dungeon Crawl Stone Soup version 0.28.0-1-gb440e238dd (webtiles) character file.

Game seed: 10879204646916056458

3178 smarlow the Destroyer (level 9, 0/45 HPs)
             Began as a Deep Elf Conjurer on Feb 23, 2022.
             Slain by a wyvern (16 damage)
             ... on level 7 of the Dungeon.
             The game lasted 00:15:52 (8781 turns).

smarlow the Destroyer (Deep Elf Conjurer)           Turns: 8781, Time: 00:15:53

Health: 0/45       AC:  3    Str:  4    XL:     9   Next: 63%
Magic:  15/23      EV: 13    Int: 28    God:
Gold:   355        SH:  0    Dex: 19    Spells: 11/25 levels left

rFire   . . .      SeeInvis .   (no weapon)
rCold   . . .      Faith    .   (no shield)
rNeg    . . .      Spirit   .   a - +0 robe
rPois   .          Reflect  .   v - +1 hat
rElec   .          Harm     .   (no cloak)
rCorr   +          Rampage  .   (no gloves)
Will    .....                   (no boots)
Stlth   ++........              (no amulet)
HPRegen 0.15/turn               m - +6 ring of dexterity
MPRegen 0.18/turn               i - ring of resist corrosion

@: no status effects
A: no striking features
a: no special abilities


You were on level 7 of the Dungeon.
You visited 1 branch of the dungeon, and saw 7 of its levels.

You collected 355 gold pieces.

Inventory:

Armour
 a - a +0 robe (worn)
 k - a +0 helmet
 v - a +1 hat (worn)
Jewellery
 d - a ring of positive energy
 i - a ring of resist corrosion (right hand)
 m - a +6 ring of dexterity (left hand)
Wands
 p - a wand of iceblast (21)
 w - a wand of paralysis (7)
Scrolls
 b - a scroll of enchant weapon {unknown}
 f - a scroll of immolation
 h - a scroll of fog {unknown}
 j - a scroll of magic mapping {unknown}
 l - a scroll of noise
 n - a scroll of teleportation {unknown}
 o - a scroll of brand weapon {unknown}
 r - a scroll of blinking
 s - a scroll of fear
 t - a scroll of holy word {unknown}
 u - 4 scrolls of identify {unknown}
Potions
 c - 5 potions of curing {unknown}
 e - 4 potions of brilliance
 g - 3 potions of heal wounds {unknown}
 q - a potion of mutation {unknown}


   Skills:
 + Level 4.7 Armour
 - Level 2.4 Dodging
 - Level 2.4 Stealth
 + Level 8.8 Spellcasting
 * Level 10.7 Conjurations
 + Level 5.8 Translocations


You had 11 spell levels left.
You knew the following spells:

 Your Spells              Type           Power      Damage    Failure   Level
a - Magic Dart            Conj           100%       1d8       1%          1
b - Searing Ray           Conj           100%       2d8       1%          2
c - Iskenderun's Mystic   Conj/Tloc      56%        2d12      1%          4
d - Fulminant Prism       Conj/Hex       21%        3d13      4%          4
e - Inner Flame           Hex/Fire       12%        N/A       14%         3

Your spell library contained the following spells:

 Spells                   Type           Power      Damage    Failure   Level
 Dazzling Flash           Conj/Hex       84%        N/A       1%          3
 Ensorcelled Hibernation  Hex/Ice        24%        N/A       7%          2
 Sublimation of Blood     Necr           12%        N/A       7%          2
 Spider Form              Tmut/Pois      12%        N/A       14%         3
 Irradiate                Conj/Tmut      21%        3d20      14%         5
 Anguish                  Hex/Necr       6%         N/A       41%         4
 Cause Fear               Hex            6%         N/A       41%         4
 Petrify                  Tmut/Erth      12%        N/A       41%         4
 Discord                  Hex            6%         N/A       100%        8


Dungeon Overview and Level Annotations

Branches:
Dungeon (7/15)             Temple (0/1) D:7

Altars:

Shops:
D:1 (


Message History

The mystic blast hits the water moccasin!!
You kill the water moccasin!
You close the door, pushing everything out of the way.
You open the door.
There is an open door here.
A centaur is nearby!
The magic dart hits the centaur.
The centaur is lightly wounded.
The centaur shouts!
You hear an angry hiss.
The centaur wields a +0 shortbow.
The centaur shoots an arrow.
The arrow hits you.
Casting: Magic Dart (safe; 1% risk of failure)
Confirm with . or Enter, or press ? or * to list all spells.
Aiming: Searing Ray (safe; 1% risk of failure)
Press: ? - help, Shift-Dir - straight line, f/p - centaur
Aim: a centaur, wielding a +0 shortbow and quivering arrows (lightly wounded, 90% to hit)
The searing ray hits the centaur!
The centaur is heavily wounded. (Press . to maintain the ray.)
The searing ray hits the centaur!
The centaur is almost dead.
The centaur shoots an arrow.
The arrow hits you.
The centaur shoots an arrow.
The arrow hits you!
You hear an angry hiss.
The searing ray hits the centaur!
You kill the centaur!
You finish channelling your searing ray.
A wyvern comes into view.
Casting: Searing Ray (safe; 1% risk of failure)
Confirm with . or Enter, or press ? or * to list all spells.
Aiming: Searing Ray (safe; 1% risk of failure)
Press: ? - help, Shift-Dir - straight line, f - wyvern
Aim: a wyvern (83% to hit)
The searing ray hits the wyvern.
The wyvern is lightly wounded. (Press . to maintain the ray.)
The searing ray hits the wyvern!
The wyvern is heavily wounded.
The wyvern bites you! x2
You die...

##.#..#.## #.#
##.#..#.# #.#
##.#..#. #.#
###..... #.###
###.#..#.# #.#.c
###.#..#.###
#.#.###.#..#.###l.
#.#'#.#..#.###F...
#@#.#..#.###cZ..#.
#.l.)#.### ..##.##
###..### # # ####


You could see a wyvern.

Vanquished Creatures
  A two-headed ogre (D:6)
  Prince Ribbit (D:7)
  Sigmund (D:6)
  2 water moccasins (D:7)
  A black bear (D:7)
  An ice beast (D:7)
  An orc warrior (D:7)
  A necrophage (D:6)
  2 centaurs (D:7)
  2 ogres (D:6)
  Blork the orc (D:6)
  A gnoll sergeant (D:6)
  3 bullfrogs (D:7)
  A scorpion (D:5)
  A wyvern skeleton (D:6)
  A water moccasin skeleton (D:5)
  A howler monkey (D:6)
  2 jellies
  A hound (D:5)
  4 centaur skeletons
  A gnoll shaman (D:6)
  An orc priest (D:4)
  3 iguanas
  4 orc wizards
  2 scorpion zombies (D:5)
  2 hound skeletons (D:4)
  12 gnolls (D:6)
  8 adders
  A howler monkey skeleton (D:6)
  A white imp (D:5)
  An ufetubus (D:6)
  An adder skeleton (D:5)
  A worm (D:4)
  A dart slug (D:4)
  11 orcs
  8 ball pythons
  9 endoplasms
  9 giant cockroaches
  4 goblins
  4 hobgoblins
  8 quokkas
  5 bats
  6 frilled lizards
  4 kobolds
  3 rats
139 creatures vanquished.

Notes
Turn   | Place    | Note
-------+----------+-------------------------------------------
     0 | D:1      | smarlow the Deep Elf Conjurer began the quest for the Orb.
     0 | D:1      | Reached XP level 1. HP: 10/10 MP: 6/6
   165 | D:1      | Found Bece's Antique Weapon Emporium.
   320 | D:1      | Reached XP level 2. HP: 15/15 MP: 5/8
   378 | D:1      | Learned a level 2 spell: Searing Ray
   846 | D:1      | Reached skill level 5 in Conjurations
  1228 | D:2      | Found a faded altar of an unknown god.
  1296 | D:2      | Reached XP level 3. HP: 19/19 MP: 8/10
  2090 | D:3      | Reached XP level 4. HP: 24/24 MP: 10/12
  2780 | D:4      | Reached skill level 6 in Conjurations
  2780 | D:4      | Reached XP level 5. HP: 10/28 MP: 5/13
  3010 | D:3      | Reached skill level 1 in Armour
  3543 | D:4      | Learned a level 4 spell: Iskenderun's Mystic Blast
  3548 | D:4      | Learned a level 4 spell: Fulminant Prism
  3953 | D:5      | Entered Level 5 of the Dungeon
  4011 | D:5      | Reached skill level 5 in Spellcasting
  4181 | D:5      | Reached skill level 1 in Translocations
  4181 | D:5      | Reached XP level 6. HP: 32/32 MP: 9/15
  4838 | D:5      | Reached skill level 7 in Conjurations
  5313 | D:6      | Reached XP level 7. HP: 36/36 MP: 10/17
  5994 | D:6      | Noticed Blork the orc
  6003 | D:6      | Killed Blork the orc
  6004 | D:6      | Reached skill level 8 in Conjurations
  6301 | D:6      | Noticed Sigmund
  6312 | D:6      | Killed Sigmund
  6313 | D:6      | Reached XP level 8. HP: 14/41 MP: 9/19
  6664 | D:6      | Noticed a two-headed ogre
  6671 | D:6      | Killed a two-headed ogre
  6672 | D:6      | Reached skill level 9 in Conjurations
  6848 | D:6      | Reached XP level 9. HP: 31/45 MP: 3/22
  7183 | D:6      | Learned a level 3 spell: Inner Flame
  7391 | D:7      | Noticed Prince Ribbit
  7400 | D:7      | Killed Prince Ribbit
  7401 | D:7      | Reached skill level 10 in Conjurations
  7401 | D:7      | Reached skill level 5 in Translocations
  7913 | D:7      | Found a staircase to the Ecumenical Temple.
  8293 | D:7      | HP: 2/45 [centaur/arrow (10)]
  8781 | D:7      | Slain by a wyvern

Illustrated notes

Levels and vault maps discovered:
D:1:      kennysheep_arrival_forest, layout_loops_corners, serial_shops, shop,
          minmay_misc_feat_square, minmay_octomino_e4
D:2:      kennysheep_big_flooded_room, layout_rooms,
          shapermc_ecumenical_altar_acropolis, chequers_mini_garden
D:3:      cheibrodos_helix_gallery, layout_basic
D:4:      layout_loops_ring, portal_sewer_entry_f
D:5:      layout_basic
D:6:      minmay_angry_zag, layout_gridville, uniq_sigmund, uniq_blork_the_orc
D:7:      minmay_razor_zed, layout_rooms, minmay_temple_entry_nine_rooms,
          uniq_maggie, uniq_prince_ribbit1

Skill      XL: |  1  2  3  4  5  6  7  8  9 |
---------------+----------------------------+-----
Conjurations   | 5 6 7 8 9 10 | 10.7
Spellcasting   | 4 5 6 7 8 |  8.8
Armour         | 1 2 3 4 |  4.7
Translocations | 1 2 3 4 5 |  5.8
Dodging        | |  2.4
Stealth        | |  2.4

Action                   |  1- 3 |  4- 6 |  7- 9 || total
-------------------------+-------+-------+-------++-------
Melee: Unarmed           |       |     5 |       ||     5
 Cast: Magic Dart        |    69 |   116 |   104 ||   289
       Searing Ray       |     1 |    13 |    28 ||    42
       Iskenderun's Myst |       |     1 |    27 ||    28
  Use: Potion            |       |     4 |       ||     4
       Scroll            |       |       |     4 ||     4
Armor: Robe              |     1 |    11 |     9 ||    21
Dodge: Dodged            |     5 |    21 |    27 ||    53
